 Dungeon Crawl Stone Soup version 0.18-a0-1120-g03bd624 (webtiles) character file.

1932 gorblad the Ducker (level 8, -3/120 HPs)
             Began as a Troll Berserker on Jan 17, 2016.
             Was a Priest of Trog.
             Slain by a wight
             ... wielding a +2 spear of venom
              (6 damage)
             ... on level 6 of the Dungeon.
             The game lasted 00:12:22 (4008 turns).

gorblad the Ducker (Troll Berserker)                Turns: 4008, Time: 00:12:22

Health: -3/120     AC:  7    Str: 33    XL:     8   Next: 97%
Magic:  7/7        EV: 12    Int:  3    God:    Trog [***...]
Gold:   206        SH:  0    Dex: 12    Spells: 0 memorised, 7 levels left

rFire  + . .     SeeInvis .       - Unarmed
rCold  . . .     Gourm    +     a - +2 animal skin
rNeg   . . .     Faith    .     (no shield)
rPois  .         Spirit   .     (helmet restricted)
rElec  .         Dismiss  .     (no cloak)
rCorr  .         Reflect  .     (gloves unavailable)
SustAt .         Harm     .     (boots unavailable)
MR     .....                    (no amulet)
Stlth  ..........               n - ring of protection from fire
                                l - +3 ring of dexterity

@: berserking, lethally poisoned (-3 -> -3), slowed, drained, not resistant to
hostile enchantments, extremely unstealthy
A: unfitting armour, claws 3, fast metabolism 3, gourmand, regeneration 2,
shaggy fur 1, tough skin 2
a: Berserk, Trog's Hand, Burn Spellbooks, Renounce Religion


You were on level 6 of the Dungeon.
You worshipped Trog.
Trog was most pleased with you.
You were not hungry.

You visited 1 branch of the dungeon, and saw 6 of its levels.
You also visited: Sewer.

You collected 381 gold pieces.
You spent 175 gold pieces at shops.

Inventory:

Armour
 a - a +2 animal skin (worn)
Jewellery
 l - a +3 ring of dexterity (left claw)
 n - a ring of protection from fire (right claw)
Wands
 s - a wand of flame (28/48)
Scrolls
 o - a scroll of magic mapping
 q - a scroll of fog
 r - 2 scrolls of teleportation
 t - a scroll of immolation {unknown}
 v - 4 scrolls of enchant weapon
Potions
 c - 2 potions of brilliance
 e - 5 potions of poison
 f - a potion of haste
 g - a potion of invisibility
 h - 2 potions of curing
 i - 2 potions of lignification
 j - a potion of ambrosia
 p - a potion of flight {unknown}
 x - a potion of resistance {unknown}
Comestibles
 b - 6 bread rations
 d - a royal jelly
 k - 2 meat rations
 m - 3 fruits
 w - a beef jerky


   Skills:
 + Level 5.1(4.5) Fighting
 + Level 7.0(6.4) Dodging
 + Level 1.4(0.9) Stealth
 + Level 7.0(6.4) Unarmed Combat


You had 7 spell levels left.
You didn't know any spells.

Dungeon Overview and Level Annotations

Branches:
Dungeon (6/15)             Temple (0/1) D:4

Altars:
Kikubaaqudgha
Makhleb
Nemelex Xobeh
Ru
Vehumet

Shops:
D:4 ?   D:5 (


Innate Abilities, Weirdness & Mutations

You are too large for most types of armour.
You have claws for hands.
Your metabolism is lightning-fast.
You like to eat raw meat.
You heal very quickly.
You are covered in fur (AC +1).
You have very tough skin (AC +2).


Message History

* * * LOW HITPOINT WARNING * * *
You feel drained. The wight barely misses you.
You see here a scorpion corpse.
You scratch the wight.
The wight is moderately damaged.
You feel sick. The wight closely misses you. The wight barely misses you.
The wight hits you but does no damage.
You claw the wight!
You destroy the wight!
The wight closely misses you.
You closely miss the wight.
You feel sick. The wight hits you but does no damage.
The wight barely misses you.
The wight hits you with an enchanted hand axe!
* * * LOW HITPOINT WARNING * * *
Drink which item? (? for menu, Esc to quit)
It was a potion of berserk rage.
A red film seems to cover your vision as you go berserk!
You feel yourself moving faster!
You feel mighty!
You feel sick.
The wight hits you with a spear of venom.
You die...

..#........
#..........
#..........
#..........
#..........
#........
#)###....
#zz# # ##@#
#.## ##.#
#.## #..#
##.# #.##
##.# #.##


You could see 2 wights.

Vanquished Creatures
  The ghost of Chiseanne the Skirmisher, a novice CeAE (D:5)
  The ghost of st0uf the Shield-Bearer, a novice FoFi (D:6)
  Eustachio (D:5)
  Purgy (Sewer)
  2 phantoms
  A centaur (D:5)
  Blork the orc (D:6)
  3 scorpions (D:6)
  A wight (D:6)
  2 crimson imps (D:5)
  A giant frog zombie (D:5)
  2 hounds
  3 orc priests (D:5)
  A centaur skeleton (D:5)
  3 orc wizards (D:5)
  3 worker ants
  A hound skeleton (D:5)
  A worker ant zombie (D:5)
  3 adders
  An adder skeleton (D:3)
  3 worms
  7 giant geckos
  9 orcs
  8 giant cockroaches
  4 goblins
  6 hobgoblins
  4 quokkas
  2 ball pythons (D:3)
  2 ball python skeletons (D:3)
  13 bats
  A giant newt (D:2)
  4 kobolds
  A quokka skeleton (D:3)
  6 rats
103 creatures vanquished.

Notes
Turn   | Place    | Note
--------------------------------------------------------------
     0 | D:1      | gorblad the Troll Berserker began the quest for the Orb.
     0 | D:1      | Reached XP level 1. HP: 22/22 MP: 0/0
   475 | D:2      | Reached XP level 2. HP: 29/29 MP: 1/1
   500 | D:2      | Found a radiant altar of Vehumet.
   500 | D:2      | Found a burning altar of Makhleb.
  1221 | D:3      | Reached XP level 3. HP: 34/36 MP: 2/2
  1292 | D:3      | Reached ** piety under Trog
  1751 | D:3      | Reached XP level 4. HP: 44/44 MP: 3/3
  1756 | D:3      | Found a sparkling altar of Nemelex Xobeh.
  2036 | D:4      | Reached XP level 5. HP: 43/53 MP: 4/4
  2120 | D:4      | Found Asomp's Magic Scroll Shoppe.
  2233 | D:4      | Found an ancient bone altar of Kikubaaqudgha.
  2334 | D:4      | Bought a scroll of enchant armour for 97 gold pieces
  2334 | D:4      | Bought a scroll of identify for 26 gold pieces
  2334 | D:4      | Bought a scroll of identify for 26 gold pieces
  2334 | D:4      | Bought a scroll of identify for 26 gold pieces
  2363 | D:4      | Noticed a phantom
  2384 | D:4      | Killed a phantom
  2384 | D:4      | Reached skill level 4 in Dodging
  2482 | D:4      | Found a staircase to the Ecumenical Temple.
  2555 | D:5      | Entered Level 5 of the Dungeon
  2557 | D:5      | Found a sacrificial altar of Ru.
  2569 | D:5      | Reached XP level 6. HP: 58/61 MP: 5/5
  2590 | D:5      | Noticed Eustachio
  2612 | D:5      | Killed Eustachio
  2703 | D:5      | Found a glowing drain.
  2736 | Sewer    | Entered a sewer
  2871 | Sewer    | Noticed Purgy
  2878 | Sewer    | Killed Purgy
  2878 | Sewer    | Reached skill level 5 in Dodging
  2878 | Sewer    | Reached XP level 7. HP: 53/68 MP: 6/6
  2970 | D:5      | Reached *** piety under Trog
  3013 | D:5      | Noticed Chiseanne's ghost (novice CeAE)
  3024 | D:5      | Killed Chiseanne's ghost
  3024 | D:5      | Reached skill level 1 in Stealth
  3024 | D:5      | Reached skill level 5 in Unarmed Combat
  3198 | D:5      | Reached XP level 8. HP: 39/78 MP: 7/7
  3203 | D:5      | Reached skill level 6 in Dodging
  3322 | D:5      | Found Zeugh's Antique Weapon Shop.
  3561 | D:6      | Noticed st0uf's ghost (novice FoFi)
  3577 | D:6      | Killed st0uf's ghost
  3980 | D:6      | Noticed Blork the orc
  3995 | D:6      | Killed Blork the orc
  3995 | D:6      | Reached skill level 5 in Fighting
  4003 | D:6      | Reached skill level 7 in Dodging
  4007 | D:6      | HP: 2/80 [wight/enchanted hand axe (7)]
  4008 | D:6      | Slain by a wight

Vault maps used:
D:1:      matt_arrival_los_fun
D:2:      minmay_door_path, gammafunk_temple_overflow_statue, serial_glass,
          glass_columns_a, glass_columns_b, minmay_hedge_maze
D:3:      lemuel_coloured_pillars_altar, serial_undead, serial_undead_d,
          serial_undead_f, serial_undead_a, serial_undead_c
D:4:      kiku_gazebo_pond_becter, minmay_temple_entry_from_below_a,
          first_bread, serial_shops, nicolae_shop_statue_plus
D:5:      gup_sewer_entry_pipe, serial_shops, shop, basic_altar, uniq_eustachio
D:6:      okawaru_altar_gauntlet_db, uniq_sigmund, uniq_blork_the_orc
Sewer:    sewer_big_baddie

Action                   |  1- 3 |  4- 6 |  7- 9 || total
-------------------------+-------+-------+-------++-------
Melee: Unarmed           |   112 |   109 |   122 ||   343
  Use: Scroll            |    10 |     5 |     2 ||    17
       Potion            |       |       |     4 ||     4
 Stab: Sleeping          |     1 |     1 |     1 ||     3
  Eat: Chunk             |    21 |    11 |     5 ||    37
